 Dungeon Crawl Stone Soup version 0.22-a0-189-g981819d (webtiles) character file.

313 wolfsongas the Chopper (level 6, -10/56 HPs)
             Began as a Deep Dwarf Fighter on Feb 15, 2018.
             Mangled by an ogre
             ... wielding a +0 giant club
              (19 damage)
             ... on level 4 of the Dungeon.
             The game lasted 00:03:39 (2260 turns).

wolfsongas the Chopper (Deep Dwarf Fighter)         Turns: 2260, Time: 00:03:40

Health: -10/56     AC:  7    Str: 20 (21) XL:     6   Next: 19%
Magic:  5/5        EV:  9    Int:  6 (9)  God:
Gold:   154        SH:  9    Dex: 13 (14) Spells: 5/5 levels left

rFire    + . .     SeeInvis .   a - +0 war axe
rCold    x . .     Gourm    .   c - +0 shield
rNeg     . . .     Faith    .   b - +0 scale mail
rPois    .         Spirit   .   (no helmet)
rElec    .         Reflect  .   (no cloak)
rCorr    .         Harm     .   (no gloves)
MR       +....                  (no boots)
Stlth    ..........             (no amulet)
HPRegen  0.00/turn              m - ring of fire
MPRegen  0.09/turn              (no ring)

@: lethally poisoned (-10 -> -10), non-regenerating
A: damage resistance, heal wounds, agile 1, magic resistance 1, sense
surroundings 1, screaming 1, no regeneration
a: Heal Wounds


You were on level 4 of the Dungeon.
You were full.

You visited 1 branch of the dungeon, and saw 4 of its levels.
You also visited: Sewer.

You collected 154 gold pieces.

Inventory:

Hand Weapons
 a - a +0 war axe (weapon)
Armour
 b - a +0 scale mail (worn)
 c - a +0 shield (worn)
Jewellery
 m - a ring of fire (left hand)
Wands
 d - a wand of polymorph (12)
Scrolls
 e - 2 scrolls of identify
 j - a scroll of fear
 l - 4 scrolls of immolation
Potions
 h - 2 potions of cancellation
Comestibles
 f - 9 rations


   Skills:
 + Level 3.5 Fighting
 * Level 4.4 Axes
 + Level 4.3 Armour
 + Level 2.5 Dodging
 + Level 4.3 Shields


You had 5 spell levels left.
You didn't know any spells.

Dungeon Overview and Level Annotations

Branches:
Dungeon (4/15)
 Temple: D:4-7

Altars:
Cheibriados
Sif Muna


Innate Abilities, Weirdness & Mutations

You are resistant to damage.
You can heal yourself by infusing magical energy.
You passively map a small area around you.
You do not regenerate.
You are agile. (Dex +2)
You are resistant to hostile enchantments. (MR+)
You occasionally shout uncontrollably at your foes.


Message History

You hit the ogre.
The ogre is severely wounded.
You closely miss the worker ant. You block the worker ant's attack.
The ogre completely misses you.
You hit the ogre.
The ogre is severely wounded.
You closely miss the worker ant. The worker ant bites you.
* * * LOW HITPOINT WARNING * * *
You are poisoned.
The worker ant poisons you! The worker ant barely misses you.
The ogre closely misses you.
You barely miss the ogre.
The ogre is severely wounded.
You hit the worker ant. The worker ant bites you.
You block the worker ant's attack. The ogre barely misses you.
You barely miss the ogre.
The ogre is severely wounded.
You hit the worker ant but do no damage.
You block the worker ant's attack. The ogre hits you with a giant club!!
You die...

* , * *#........#
, ** * #........#
, #........# *,
,*#.......<#
#........# *
*#........# , *
###........#
######..........#
#.....@..$.....##
#....Oa........#
,*#..............#
*#..............#
#..............# ,
#..............# ,
#..............
#............. ,*
, , *


You could see an ogre and a worker ant.

Vanquished Creatures
  Purgy (Sewer)
  A hound (D:3)
  6 adders
  4 gnolls (D:3)
  6 worms
  3 dart slugs
  A leopard gecko (D:1)
  4 orcs (D:3)
  6 giant cockroaches
  6 goblins
  7 hobgoblins
  A quokka (D:2)
  9 bats
  5 frilled lizards
  6 kobolds
  14 rats
80 creatures vanquished.

Notes
Turn   | Place    | Note
-------+----------+-------------------------------------------
     0 | D:1      | wolfsongas the Deep Dwarf Fighter began the quest for the Orb.
     0 | D:1      | Reached XP level 1. HP: 20/20 MP: 1/1
   117 | D:1      | Reached XP level 2. HP: 27/27 MP: 2/2
   703 | D:2      | Reached XP level 3. HP: 30/33 MP: 3/3
   762 | D:2      | Reached skill level 1 in Dodging
  1194 | D:3      | Reached XP level 4. HP: 27/42 MP: 4/4
  1388 | D:3      | Reached XP level 5. HP: 6/49 MP: 5/5
  1455 | D:3      | Found a deep blue altar of Sif Muna.
  1706 | D:3      | Found a glowing drain.
  1734 | Sewer    | Entered a sewer
  1753 | Sewer    | Noticed Purgy
  1769 | Sewer    | Killed Purgy
  1769 | Sewer    | Reached XP level 6. HP: 16/56 MP: 5/5
  1972 | Sewer    | Gained mutation: You are weak. (Str -2) [potion of mutation]
  1972 | Sewer    | Lost mutation: You are weak. (Str -2) [potion of mutation]
  1972 | Sewer    | Gained mutation: You are partially covered in icy blue scales. (AC +2) [potion of mutation]
  1973 | Sewer    | Lost mutation: You are partially covered in icy blue scales. (AC +2) [potion of mutation]
  1973 | Sewer    | Gained mutation: You are resistant to hostile enchantments. (MR+) [potion of mutation]
  1973 | Sewer    | Gained mutation: You occasionally shout uncontrollably at your foes. [potion of mutation]
  1973 | Sewer    | Gained mutation: You are agile. (Dex +2) [potion of mutation]
  2181 | D:3      | Found a snail-covered altar of Cheibriados.
  2260 | D:4      | Mangled by an ogre

Vault maps used:
D:1:      co_arrival_two_rings, minmay_rat_gold_closets
D:2:      first_ration
D:3:      overflow_temple_1_default, marbit_many_paths,
          cheibrodos_sewer_entry_bend, serial_bayou_crossing
D:4:      fedhas_altar_4, serial_shops, shop, shop
Sewer:    kennysheep_door_sewer

Skill      XL: |  1  2  3  4  5 |
---------------+----------------+-----
Fighting       | 3 |  3.5
Dodging        | 1 2 |  2.5
Axes           | 3 4 |  4.4
Armour         | 4 |  4.3
Shields        | 4 |  4.3

Action                   |  1- 3 |  4- 6 || total
-------------------------+-------+-------++-------
Melee: War axe           |   142 |   139 ||   281
 Abil: Heal Wounds       |       |     1 ||     1
  Use: Scroll            |     6 |     1 ||     7
       Potion            |     1 |     7 ||     8
  Eat: Chunk             |     1 |     3 ||     4
       Ration            |       |     2 ||     2
Armor: Scale mail        |    52 |    58 ||   110
Dodge: Dodged            |    38 |    57 ||    95
Block: Shield            |    74 |    85 ||   159

Table legend:
 A = Spawn XP
 B = Non-spawn XP
 C = Spawn XP percentage of total XP
 D = Spawn monster count
 E = Non-spawn monster count
 F = Spawn count percentage of total count
 G = Total turns spent on level
                    A         B        C        D         E        F      G
               +---------+---------+-------+---------+---------+-------+---------
         Total |       0 |     448 |   0.0 |       0 |      80 |   0.0 |  2260
               +---------+---------+-------+---------+---------+-------+---------
           D:1 |       0 |      27 |   0.0 |       0 |      18 |   0.0 |   665
           D:2 |       0 |      59 |   0.0 |       0 |      24 |   0.0 |   500
           D:3 |       0 |     205 |   0.0 |       0 |      32 |   0.0 |   803
         Sewer |       0 |     157 |   0.0 |       0 |       6 |   0.0 |   273
               +---------+---------+-------+---------+---------+-------+---------
